 Dungeon Crawl Stone Soup version 0.30.1-11-g7821555f0a (webtiles) character file.

Game seed: 16685543136484430230

23 leafyfresh the Sneak (level 3, 0/31 HPs)
             Began as a Barachi Delver on Nov 16, 2023.
             Slain by a black bear (3 damage)
             ... on level 4 of the Dungeon.
             The game lasted 00:03:03 (870 turns).

leafyfresh the Sneak (Barachi Delver)                Turns: 870, Time: 00:03:03

Health: 0/31       AC:  5    Str: 13    XL:     3   Next: 0%
Magic:  3/3        EV: 12    Int: 10    God:
Gold:   77         SH:  0    Dex: 15    Spells: 2/2 levels left

rFire   . . .        a - +0 falchion
rCold   . . .        (no shield)
rNeg    . . .        b - +0 leather armour
rPois   .            (no helmet)
rElec   .            (no cloak)
rCorr   .            j - +1 pair of gloves
SInv    .            (no boots)
Will    .....        (no amulet)
Stlth   +++          (no ring)
HPRegen 0.25/turn    (no ring)
MPRegen 0.08/turn

%: no passive effects
@: slow
A: amphibious, slowness 1, strong legs 1, +LOS
a: Hop


You were on level 4 of the Dungeon.
You visited 1 branch of the dungeon, and saw 2 of its levels.

You collected 77 gold pieces.

Inventory:

Hand Weapons
 a - a +0 falchion (weapon)
 h - a +0 short sword
Armour
 b - a +0 leather armour (worn)
 j - a +1 pair of gloves (worn)
Wands
 g - a wand of digging (3)
Scrolls
 c - a scroll of fog
 d - 2 scrolls of magic mapping
 e - a scroll of enchant weapon {unknown}
 i - a scroll of immolation {unknown}


   Skills:
 + Level 4.3 Fighting
 + Level 3.3 Long Blades
 - Level 2.1 Dodging
 - Level 4.5 Stealth


You had 2 spell levels left.
You didn't know any spells.
Your spell library was empty.

Dungeon Overview and Level Annotations

Branches:
Dungeon (5/15)
 Temple: D:4-7

Altars:
Ashenzari
Sif Muna
Uskayaw

Shops:
D:5 [


Innate Abilities, Weirdness & Mutations

You are amphibious.
You cover ground slowly.
You can hop short distances.
You have an extended range of vision and can be seen from far away.


Message History

You close the door.
There is a fountain of clear blue water here.
e - a scroll labelled HUUMEBB HOGE
There is a fountain of clear blue water here.
There are no items here.
There is a broken altar of Ashenzari here.
You open the door.
There is an open door here.
A black bear is nearby!
A black bear is nearby!
h - a +0 short sword (weapon)
The black bear growls angrily.
A giant cockroach comes into view.
a - a +0 falchion (weapon)
You hit the black bear.
The black bear is lightly wounded.
The black bear misses you. The black bear barely misses you. x2
You slash the black bear!
The black bear is heavily wounded.
The black bear bites you but does no damage.
The black bear claws you.
The black bear claws you but does no damage.
You slash the black bear!
The black bear is severely wounded.
The black bear goes berserk!
The black bear bites you but does no damage.
The black bear claws you. x2
You hit the black bear.
The black bear is almost dead.
The black bear bites you!
* * * LOW HITPOINT WARNING * * *
The black bear barely misses you.
The black bear claws you but does no damage.
You are too injured to fight recklessly!
You hit the black bear but do no damage.
The black bear is almost dead.
The black bear bites you!
* * * LOW HITPOINT WARNING * * *
The black bear misses you. The black bear claws you.
You die...

##...#...#... #..##........
##.##........ ##.#........
#...#....... ##..........#
# ############.#.....#####
###.#...#.#......#....##
##...#.....#@..#....(...##
..B(......#h#........>...##
......$...........####....#
####..............# ##...#
#####..######### ##..# ##.#
#..# #.# #..# #'# #..#
♣♣.♣♣ #..#


You could see a black bear (berserk).

Vanquished Creatures
  2 adders (D:5)
  2 orcs (D:5)
  A quokka (D:5)
5 creatures vanquished.

Notes
Turn   | Place    | Note
-------+----------+-------------------------------------------
     0 | D:5      | leafyfresh the Barachi Delver began the quest for the Orb.
     0 | D:5      | Reached XP level 1. HP: 18/18 MP: 1/1
     3 | D:5      | Found a hide-covered altar of Uskayaw.
    58 | D:5      | Found Fynlysti's Armour Shop.
   148 | D:5      | Reached XP level 2. HP: 10/25 MP: 2/2
   229 | D:5      | Found a shimmering blue altar of Sif Muna.
   293 | D:5      | Noticed an ice beast
   608 | D:5      | Reached XP level 3. HP: 20/31 MP: 3/3
   808 | D:4      | Noticed a black bear
   813 | D:4      | Found a broken altar of Ashenzari.
   870 | D:4      | Slain by a black bear

Illustrated notes

Levels and vault maps discovered:
D:4:      layout_layer_cave, kennysheep_little_box, minmay_temple_entry_slanted,
          serial_shops, shop, minmay_increasing_density
D:5:      layout_loops_cross, mainiacjoe_overflow_boulevard, vehumet_statue,
          mainiacjoe_overflow_chevrons, nemelex_spade_bored_becter,
          serial_shops, shop, minmay_manual_moon

Skill      XL: |  1 |
---------------+----+-----
Fighting       | 4 |  4.3
Long Blades    | 3 |  3.3
Dodging        | |  2.1
Stealth        | |  4.5

Action                     || total
---------------------------++-------
  Melee: Short sword       ||    40
         Falchion          ||    23
    Use: Potion            ||     2
         Scroll            ||     1
 Armour: Leather armour    ||    16
  Dodge: Dodged            ||    42
